 Seeded DCSS version 0.30.1-11-g7821555f0a (webtiles) character file.

Game seed: 8617203140785432855 (custom seed)

105 Psyclone the Conjurer (level 4, 24/24 HPs)
             Began as a Deep Elf Conjurer on Nov 3, 2023.
             Quit the game on level 3 of the Dungeon.
             The game lasted 00:01:17 (918 turns).

Psyclone the Conjurer (Deep Elf Conjurer)            Turns: 918, Time: 00:01:18

Health: 24/24      AC:  6    Str:  3    XL:     4   Next: 54%
Magic:  10/10      EV: 12    Int: 29    God:
Gold:   31         SH:  0    Dex: 10    Spells: 6/9 levels left

rFire   . . .        (no weapon)
rCold   . . .        (no shield)
rNeg    . . .        a - +0 robe
rPois   .            (no helmet)
rElec   .            (no cloak)
rCorr   .            e - +0 pair of gloves
SInv    .            d - +0 pair of boots
Will    .....        (no amulet)
Stlth   ++           (no ring)
HPRegen 0.24/turn    (no ring)
MPRegen 0.12/turn

%: no passive effects
@: no status effects
A: iridescent scales 1, clever 1, clumsy 1, inability to read after injury 1
a: no special abilities


You were on level 3 of the Dungeon.
You visited 1 branch of the dungeon, and saw 3 of its levels.

You collected 31 gold pieces.

Inventory:

Armour
 a - a +0 robe (worn)
 d - a +0 pair of boots (worn)
 e - a +0 pair of gloves (worn)
Jewellery
 c - the dreamshard necklace {*Dream Drain}
   (You found it on level 3 of the Dungeon)

   [amulet of nothing]

   *Dream:    It shatters if its wearer takes lethal or near-lethal damage,
   preventing the blow and releasing protective dreams that heal and fight for
   the wearer.
   Drain:     It drains your maximum health when unequipped.
Potions
 b - a potion of magic


   Skills:
 - Level 2.4 Dodging
 - Level 2.4 Stealth
 - Level 3.0 Spellcasting
 + Level 6.6 Conjurations


You had 6 spell levels left.
You knew the following spells:

 Your Spells              Type           Power      Damage    Failure   Level
a - Magic Dart            Conj           100%       1d8       1%          1
b - Searing Ray           Conj           84%        2d7       1%          2

Your spell library contained the following spells:

 Spells                   Type           Power      Damage    Failure   Level
 Dazzling Flash           Conj/Hex       46%        N/A       6%          3
 Fulminant Prism          Conj/Hex       11%        3d9       21%         4
 Iskenderun's Mystic Bla  Conj/Tloc      23%        2d6       21%         4


Dungeon Overview and Level Annotations

Branches:
Dungeon (3/15) Zot: 17082

Altars:


Innate Abilities, Weirdness & Mutations

You are partially covered in iridescent scales. (AC +2)
Your mind is acute. (Int +4, Str/Dex -1)
You are clumsy. (Dex -2)
You occasionally lose the ability to read scrolls when taking damage.


Message History

You don't have enough magic to cast this spell.
Unknown command.
You start resting.
Magic restored.
MP restored: 10 A kobold comes into view.
It is wielding a +0 whip.
Found 7 gold pieces.
Found the dreamshard necklace {*Dream Drain}.
The kobold shouts!
Casting: Magic Dart (safe; 1% risk of failure)
Confirm with . or Enter, or press ? or * to list all spells.
Aiming: Magic Dart (safe; 1% risk of failure)
Press: ? - help, Shift-Dir - straight line, f - kobold
Aim: a kobold, wielding a +0 whip (100% to hit)
The magic dart hits the kobold.
You kill the kobold!
You now have 9/10 mp.
Casting: Magic Dart (safe; 1% risk of failure)
Confirm with . or Enter, or press ? or * to list all spells.
You can't see any susceptible monsters within range! (Use Z to cast anyway.) Unknown command.
You start resting.
Magic restored.
MP restored: 10 You start waiting.
Done waiting.
You start waiting.
Done waiting.
Found 13 gold pieces.
c - the dreamshard necklace {*Dream Drain} You now have 18 gold pieces (gained 7).
Things that are here:
a +0 whip; a kobold skeleton A jackal comes into view.
You see here 13 gold pieces.
You now have 31 gold pieces (gained 13).
An endoplasm and an orc come into view.
Unknown command.
Unknown command.
Are you sure you want to abandon this character and quit the game? (Confirm with "yes".)

##...##.......
#######............. .
##...................
..###...............(....
h........................
........................
#.......).............
...#..............#......
........@.....###.#######
##...........## #.#
#...........# #.#
#.#..........# #.#######
..............# #........
.#.#..........# #........
#............# ##.......
##..............#.......
J.#o........##....†....


There were no monsters in sight!

Vanquished Creatures
  Jessica (D:2)
  Terence (D:2)
  Robin (D:2)
  An adder (D:2)
  A worm (D:2)
  2 dart slugs
  An endoplasm (D:3)
  7 goblins
  5 hobgoblins
  2 jackals (D:3)
  2 quokkas
  A ball python (D:2)
  2 bats
  A kobold (D:3)
28 creatures vanquished.

Notes
Turn   | Place    | Note
-------+----------+-------------------------------------------
     0 | D:1      | Psyclone the Deep Elf Conjurer began the quest for the Orb.
     0 | D:1      | Reached XP level 1. HP: 10/10 MP: 6/6
    79 | D:1      | Gained mutation: You have hidden genetic potential. [potion
                  | of mutation]
    79 | D:1      | Gained mutation: You have a pair of small horns on your
                  | head. [potion of mutation]
    79 | D:1      | Gained mutation: You have supernaturally acute eyesight.
                  | (SInv) [potion of mutation]
   135 | D:2      | Reached skill level 5 in Conjurations
   135 | D:2      | Reached XP level 2. HP: 15/15 MP: 2/8
   140 | D:2      | Learned a level 2 spell: Searing Ray
   222 | D:2      | Noticed Terence
   237 | D:2      | Killed Terence
   238 | D:2      | Reached XP level 3. HP: 19/19 MP: 1/9
   250 | D:2      | Gained mutation: Your mind is acute. (Int +4, Str/Dex -1)
                  | [hidden potential]
   336 | D:2      | Noticed Jessica
   338 | D:2      | Killed Jessica
   339 | D:2      | Reached skill level 6 in Conjurations
   339 | D:2      | Reached XP level 4. HP: 24/24 MP: 7/10
   399 | D:2      | Noticed Robin
   406 | D:2      | Killed Robin
   418 | D:2      | Gained mutation: You have a pair of horns on your head.
                  | [hidden potential]
   418 | D:2      | Lost mutation: You have hidden genetic potential. [hidden
                  | potential expressed]
   538 | D:2      | Lost mutation: You have supernaturally acute eyesight.
                  | (SInv) [potion of mutation]
   538 | D:2      | Lost mutation: You have a pair of horns on your head.
                  | [potion of mutation]
   538 | D:2      | Lost mutation: You have a pair of small horns on your head.
                  | [potion of mutation]
   538 | D:2      | Gained mutation: You are clumsy. (Dex -2) [potion of
                  | mutation]
   538 | D:2      | Gained mutation: You occasionally lose the ability to read
                  | scrolls when taking damage. [potion of mutation]
   538 | D:2      | Gained mutation: You are partially covered in iridescent
                  | scales. (AC +2) [potion of mutation]
   686 | D:3      | Found the dreamshard necklace {*Dream Drain}
   918 | D:3      | Quit the game

Illustrated notes

Levels and vault maps discovered:
D:1:      dpeg_arrival_stonehenge_12_columns, layout_basic, serial_shops, shop
D:2:      layout_basic, shapermc_ecumenical_altar_ellora, minivault_25,
          uniq_robin, uniq_terence, uniq_jessica
D:3:      layout_rooms, uniq_grinder

Skill      XL: |  1  2  3 |
---------------+----------+-----
Conjurations   | 5 6 |  6.6
Dodging        | |  2.4
Stealth        | |  2.4
Spellcasting   | |  3.0

Action                     |  1- 3 |  4- 6 || total
---------------------------+-------+-------++-------
  Melee: Unarmed           |       |     1 ||     1
   Cast: Magic Dart        |    12 |    15 ||    27
         Searing Ray       |     3 |     5 ||     8
    Use: Potion            |     1 |     1 ||     2
 Armour: Robe              |     7 |     3 ||    10
  Dodge: Dodged            |     5 |     6 ||    11
